 Dungeon Crawl Stone Soup version 0.31.0-11-ge490571c62 (webtiles) character file.

Game seed: 1564051459418612689

1154 Amelense the Grappler (level 8, -1/111 HPs)
             Began as a Troll Monk on Feb 7, 2024.
             Was a Follower of Trog.
             Slain by paps's ghost (7 damage)
             ... on level 5 of the Dungeon.
             The game lasted 00:17:08 (3699 turns).

Amelense the Grappler (Troll Monk)                  Turns: 3699, Time: 00:17:09

Health: -1/111     AC:  4    Str: 21 (22) XL:     8   Next: 16%
Magic:  7/7        EV:  9    Int:  6      God:    Trog [*.....]
Gold:   293        SH:  0    Dex:  6 (12) Spells: 7/7 levels left

rFire   . .          .
                       - Unarmed
rCold   . . .        (no shield)
rNeg    . . .        a - +0 robe
rPois   .            (helmet currently unavailable)
rElec   .            (cloak currently unavailable)
rCorr   .            (gloves unavailable)
SInv    .            (boots unavailable)
Will    .....        x - amulet of magic regeneration Stlth
                     (no ring)
HPRegen 1.18/turn    (no ring)
MPRegen 0.50/turn

%: no passive effects
@: berserking, beast-form, very quick
A: beast (slay +1), large, unfitting armour, claws 3, regeneration 1, shaggy fur
1, tough skin 1
a: Begin Untransformation, Renounce Religion, Berserk


You were on level 5 of the Dungeon.
You worshipped Trog.
Trog was aware of your devotion.
You were a hulking beast.
You visited 1 branch of the dungeon, and saw 5 of its levels.

You collected 293 gold pieces.

Inventory:

Hand Weapons
 s - a +0 giant club
Armour
 a - a +0 robe (worn)
 c - an orb of light
Jewellery
 x - an amulet of magic regeneration (around neck)
Talismans
 e - a beast talisman (active)
Wands
 k - a wand of mindburst (14)
Scrolls
 d - 2 scrolls of summoning {unknown}
 g - a scroll of teleportation {unknown}
 h - 2 scrolls of fog
 i - a scroll of amnesia
 m - a scroll of enchant weapon {unknown}
 r - a scroll of poison {unknown}
 t - 2 scrolls of identify {unknown}
 u - 3 scrolls of vulnerability {unknown}
 w - a scroll of noise
Potions
 b - 3 potions of magic {unknown}
 f - a potion of curing {unknown}
 j - 2 potions of lignification {unknown}
 l - 2 potions of degeneration
 n - a potion of heal wounds {unknown}
 o - a potion of attraction {unknown}
 p - a potion of ambrosia
 q - a potion of cancellation {unknown}
 v - a potion of enlightenment {unknown}


   Skills:
 + Level 2.5 Fighting
 + Level 2.7 Dodging
 * Level 9.3 Unarmed Combat
 + Level 3.1 Shapeshifting


You had 7 spell levels left.
You didn't know any spells.
Your spell library contained the following spells:

 Spells                   Type           Power      Damage    Failure   Level
 Freeze                   Ice            0%         1d3       45%         1
 Frozen Ramparts          Ice            0%         1d1       83%         3
 Hailstorm                Conj/Ice       0%         3d5       83%         3


Dungeon Overview and Level Annotations

Branches:
Dungeon (5/15)             Temple (0/1) D:4

Altars:
Ashenzari
Dithmenos
Hepliaklqana
Kikubaaqudgha
Trog
Yredelemnul

Shops:
D:2 =

Annotations:
D:5 paps's ghost, novice TrSh


Innate Abilities, Weirdness & Mutations

You are a hulking beast.
Your limbs bulge with bestial killing power. (Slay +1)
You are too large for most types of armour.
You have claws for hands.
Your natural rate of healing is unusually fast.
You are covered in fur. (AC +1)
You have tough skin. (AC +1)


Message History

The quasit barely misses you. The quasit attacks as it pursues you!
The quasit barely misses you. x3
Paps's ghost attacks as it pursues you! Paps's ghost closely misses you.
The quasit attacks as it pursues you! The quasit closely misses you.
The quasit claws you but does no damage.
The quasit barely misses you. Paps's ghost hits you!
There is a transporter here.
You enter the transporter and appear at another place.
The quasit bites you.
The quasit claws you but does no damage.
The quasit barely misses you.
Paps's ghost whispers, "There is no future for you."
Paps's ghost closely misses you. The quasit closely misses you. x2
The quasit claws you but does no damage.
A red film seems to cover your vision as you go berserk!
You feel yourself moving faster!
You feel mighty!
The quasit bites you but does no damage.
The quasit closely misses you.
The quasit claws you but does no damage.
Paps's ghost hits you!!
* * * LOW HITPOINT WARNING * * *
You miss the quasit. The quasit closely misses you.
The quasit completely misses you.
The quasit claws you but does no damage.
You claw the quasit!
The quasit is heavily wounded.
Paps's ghost hits you!!
* * * LOW HITPOINT WARNING * * *
You scratch the quasit.
The quasit is almost dead.
The quasit bites you.
* * * LOW HITPOINT WARNING * * *
You feel clumsy.
The quasit claws you but does no damage.
The quasit closely misses you.
You closely miss the quasit.
The quasit is almost dead.
Paps's ghost hits you!
You die...

#.........##..#..(!.....#..# #..
#.......#.#....###=..##.##.# #..
#.......#.##.#.....#.....#.# #..
#....[..#..#©..#(.©..##..#.# #..
#.......##.#..##..#......#.# #..
#.......##.#5...#...#...##.# #..
#######.##.##......#....#..# ###
#######.##..##.###..#####.##
........##...###h####.....#
#........#......W5....#.###
'........#...........##.####
#........#...........##....#
#........#...........#####.######
#........#...........#......#....
#######'##.[.........#.###..##.##
....###.##.#.......<.#.###..##...
...........#.#####...#.#.........


You could see a quasit and paps's ghost.

Vanquished Creatures
  Edmund (D:5)
  Menkaure (D:5)
  A black bear (D:4)
  An ogre (D:4)
  A sky beast (D:5)
  4 scorpions
  2 jellies
  A quasit (D:5)
  2 hounds
  2 bombardier beetles (D:5)
  2 iguanas
  6 adders
  4 ribbon worms
  2 dart slugs
  5 orcs
  12 ball pythons
  4 bats
  8 endoplasms
  9 hobgoblins
  7 jackals (D:1)
  4 quokkas
  6 frilled lizards
  4 goblins
  5 kobolds
  2 rats (D:1)
96 creatures vanquished.

Notes
Turn   | Place    | Note
-------+----------+-------------------------------------------
     0 | D:1      | Amelense the Troll Monk began the quest for the Orb.
     0 | D:1      | Reached XP level 1. HP: 22/22 MP: 0/0
   219 | D:1      | Reached XP level 2. HP: 28/29 MP: 1/1
   418 | D:1      | Reached skill level 4 in Unarmed Combat
   479 | D:1      | Reached XP level 3. HP: 36/36 MP: 2/2
   925 | D:2      | Reached XP level 4. HP: 40/44 MP: 3/3
   985 | D:2      | Found Muysasap's Jewellery Shop.
  1263 | D:3      | Reached skill level 5 in Unarmed Combat
  1263 | D:3      | Noticed a scorpion
  1276 | D:3      | Killed a scorpion
  1277 | D:3      | Reached XP level 5. HP: 48/50 MP: 4/4
  1417 | D:3      | Reached skill level 1 in Shapeshifting
  1550 | D:3      | Reached skill level 6 in Unarmed Combat
  1646 | D:3      | Found a broken altar of Ashenzari.
  1653 | D:3      | Became a worshipper of Ashenzari the Shackled
  1688 | D:3      | Found a bloodstained altar of Trog.
  1697 | D:3      | Fell from the grace of Ashenzari
  1697 | D:3      | Became a worshipper of Trog the Wrathful
  1822 | D:4      | Noticed an ogre
  1828 | D:4      | Killed an ogre
  1829 | D:4      | Reached XP level 6. HP: 59/59 MP: 5/5
  1994 | D:4      | Reached skill level 7 in Unarmed Combat
  2008 | D:4      | Found a staircase to the Ecumenical Temple.
  2271 | D:4      | HP: 1/59 [acid (10)]
  2405 | D:4      | Was forgiven by Ashenzari
  2473 | D:4      | Found a basalt altar of Yredelemnul.
  2480 | D:4      | Reached XP level 7. HP: 66/66 MP: 6/6
  2682 | D:5      | Entered Level 5 of the Dungeon
  2704 | D:5      | Found a transporter.
  2709 | D:5      | Noticed paps's ghost (novice TrSh)
  2730 | D:5      | Reached skill level 8 in Unarmed Combat
  2769 | D:5      | Noticed Menkaure
  2778 | D:5      | Killed Menkaure
  2888 | D:5      | Reached * piety under Trog
  2976 | D:5      | Found a hazy altar of Hepliaklqana.
  3101 | D:5      | Found a transporter.
  3296 | D:5      | Noticed Edmund
  3310 | D:5      | Killed Edmund
  3311 | D:5      | Reached skill level 9 in Unarmed Combat
  3311 | D:5      | Reached XP level 8. HP: 42/74 MP: 7/7
  3541 | D:5      | Found an ancient bone altar of Kikubaaqudgha.
  3541 | D:5      | Found a shadowy altar of Dithmenos.
  3699 | D:5      | Slain by paps's ghost

Illustrated notes

Levels and vault maps discovered:
D:1:      spicycebolla_green_bress_n_ham, layout_loops_ring, minmay_pentomino_q2
D:2:      layout_rooms, serial_shops, shop
D:3:      corexii_shack_village, layout_rooms, mainiacjoe_overflow_two_lobes,
          serial_glass, glass_columns_c, glass_columns_a
D:4:      layout_basic, mainiacjoe_overflow_chevrons,
          minmay_temple_entry_glassed_door, minmay_misc_feat_five,
          kennysheep_potato
D:5:      layout_basic, worldfamousw_hep_ancestral_shrine,
          gammafunk_temple_overflow_wave, gammafunk_ghost_stat_death,
          uniq_menkaure, uniq_edmund

Skill      XL: |  1  2  3  4  5  6  7 |
---------------+----------------------+-----
Unarmed Combat | 4 5 6 7 9 |  9.3
Shapeshifting  | 1 2 3 |  3.1
Fighting       | |  2.5
Dodging        | |  2.7

Action                     |  1- 3 |  4- 6 |  7- 9 || total
---------------------------+-------+-------+-------++-------
  Melee: Unarmed           |    73 |   116 |    64 ||   253
         Punch             |       |       |     4 ||     4
 Invoke: Berserk           |       |       |     1 ||     1
Ability: Begin Untransform |       |     1 |       ||     1
    Use: Potion            |       |     1 |     1 ||     2
         Scroll            |       |     3 |       ||     3
 Armour: Robe              |    64 |    74 |    78 ||   216
  Dodge: Dodged            |    52 |    42 |    65 ||   159
   Form: Beast             |     1 |     1 |       ||     2
